Map: Frozen Temple

Players

blackxored

  • Race: Zerg Zerg
  • League: Diamond

Vindicator - Winner!

  • Race: Zerg Zerg
  • League: Platinum

VOD

Have the link to the VOD?

Description

Time

  • Played on: July 2, 2016, 12:28 a.m.
  • Length: 7:19
Show
View Real Time Build Order
Export as new Build Order

blackxored Zerg 

Build Orders: Pool First 

Get SALT Encoding   

  12  0:01  Drone  
  13  0:09  Drone  
  14  0:17  Extractor, Drone  
  14  0:33  Spawning Pool  
  13  0:37  Drone  
  14  0:46  Overlord  
  14  0:55  Extractor, Drone  
  15  1:08  Drone x2  
  17  1:13  Drone  
  18  1:21  Queen  
  20  1:28  Overlord  
  20  1:35  Metabolic Boost  
  20  1:39  Drone  
  21  1:48  Zergling x2  
  22  1:54  Baneling Nest, Zergling x2  
  22  2:05  Zergling x2  
  23  2:19  Hatchery  
  23  2:20  Zergling x2  
  23  2:25  Zergling x2  
  25  2:37  Drone  
  25  2:39  Zergling x4  
  27  2:48  Zergling x2  
  28  2:55  Overlord  
  28  3:04  Baneling x4  
  28  3:11  Zergling x2  
  28  3:12  Zergling x2  
  30  3:13  Overlord  
  27  3:39  Zergling x2  
  27  3:40  Zergling x4  
  25  3:42  Zergling x2  
  25  3:44  Queen  
  28  3:54  Drone x2  
  30  4:00  Baneling x2  
  30  4:04  Zergling x4  
  32  4:10  Drone  
  33  4:17  Drone x3  
  33  4:18  Drone  
  37  4:25  Drone, Hatchery  
  37  4:26  Drone  
  38  4:33  Lair  
  38  4:36  Drone  
  39  4:40  Drone  
  39  4:42  Drone  
  39  4:44  Drone  
  42  4:46  Drone  
  42  4:51  Overlord  
  43  4:58  Drone  
  43  4:59  Drone x2  
  45  5:00  Drone  
  46  5:07  Roach Warren  
  46  5:08  Drone  
  46  5:16  Drone x3  
  46  5:17  Extractor  
  46  5:18  Drone  
  49  5:21  Drone x2  
  49  5:22  Extractor  
  49  5:23  Drone  
  49  5:26  Extractor  
  50  5:29  Drone  
  50  5:31  Drone x3  
  54  5:38  Queen  
  56  5:45  Spire  
  59  5:50  Roach x2  
  59  5:51  Roach  
  59  5:54  Roach  
  59  5:56  Roach  
  65  6:00  Overlord  
  66  6:11  Spine Crawler  
  66  6:14  Spine Crawler  
  66  6:16  Roach  
  64  6:23  Roach x2  
  64  6:24  Roach x3  
  73  6:29  Overlord  
  68  6:34  Roach x3  
  68  6:38  Roach x2  
  69  6:43  Roach  
  57  6:49  Roach  
  50  6:54  Roach x2  
Show
View Real Time Build Order
Export as new Build Order

Vindicator Zerg - Winner!

Build Orders: Pool First, Zergling Baneling 

Get SALT Encoding   

  12  0:01  Drone  
  13  0:13  Overlord  
  13  0:18  Drone  
  14  0:31  Drone  
  14  0:32  Drone  
  16  0:39  Drone  
  17  0:48  Spawning Pool  
  17  0:49  Drone  
  17  0:54  Extractor  
  16  0:57  Drone  
  17  1:08  Drone  
  18  1:18  Drone  
  19  1:34  Queen, Hatchery  
  20  1:41  Drone  
  20  1:42  Zergling x2  
  22  1:54  Metabolic Boost  
  22  1:58  Overlord  
  22  2:18  Drone  
  22  2:19  Zergling x2  
  24  2:28  Baneling Nest  
  23  2:37  Zergling x4  
  23  2:42  Zergling x4  
  27  2:44  Zergling x2  
  27  2:46  Zergling x4  
  30  2:53  Queen  
  32  3:03  Roach Warren  
  31  3:12  Baneling x3  
  31  3:13  Baneling x3  
  31  3:14  Zergling x6  
  30  3:28  Zergling x8  
  31  3:35  Zergling x2  
  31  3:36  Zergling x4  
  33  3:44  Roach  
  35  3:51  Baneling x2  
  35  4:04  Overlord  
  35  4:07  Overlord  
  35  4:14  Overlord  
  35  4:23  Drone x5  
  40  4:26  Drone  
  40  4:30  Extractor  
  40  4:31  Drone  
  41  4:43  Drone x3  
  44  4:49  Overlord  
  44  4:54  Roach  
  46  5:01  Roach  
  46  5:03  Roach  
  52  5:07  Roach  
  52  5:10  Roach  
  56  5:14  Roach  
  56  5:18  Roach  
  58  5:23  Roach  
  58  5:25  Roach  
  62  5:29  Roach  
  62  5:33  Roach  
  66  5:37  Overlord  
  66  5:54  Overlord  
  66  5:59  Zergling x2  
  66  6:00  Zergling x12  
  63  6:31  Zergling x2  
  63  6:32  Zergling x10  
  67  6:33  Zergling x4  
  67  6:36  Zergling x2  
  50  6:58  Drone x4  
Tags
 
Add a new tag
Caveats
  • Supply blocks, unpowered buildings, or Contaminate may cause inaccurate times.
  • Supply counts are checked every 10 seconds.